 Dungeon Crawl Stone Soup version 0.23-a0-741-g38971ea (webtiles) character file.

13604 DrEnzyme the Thaumaturge (level 11, -6/94 HPs)
             Began as a Demigod Wanderer on Jan 17, 2019.
             Mangled by a lindwurm (14 damage)
             ... on level 6 of the Lair of Beasts on Jan 18, 2019.
             The game lasted 02:00:16 (19871 turns).

DrEnzyme the Thaumaturge (Demigod Wanderer)        Turns: 19871, Time: 02:00:17

Health: -6/94      AC:  9    Str: 24    XL:     11   Next: 49%
Magic:  28/28      EV: 13    Int: 29    God:
Gold:   681        SH:  5    Dex: 15    Spells: 4/28 levels left

rFire    . . .     SeeInvis .   z - +9 flail of Wounding {venom, Fragile rPois MR+}
rCold    . . .     Gourm    .   n - +0 buckler
rNeg     . . .     Faith    .   l - +0 troll leather armour
rPois    +         Spirit   .   (no helmet)
rElec    .         Reflect  .   B - +1 cloak
rCorr    .         Harm     .   F - +2 pair of gloves
MR       ++...                  (no boots)
Stlth    +.........             (no amulet)
HPRegen  0.65/turn              t - +5 ring of intelligence
MPRegen  0.21/turn              r - +6 ring of intelligence

@: mighty
A: high mp 1
a: no special abilities


You were on level 6 of the Lair of Beasts.
You were hungry.

You visited 2 branches of the dungeon, and saw 16 of its levels.
You also visited: Ossuary.

You collected 681 gold pieces.

Inventory:

Hand Weapons
 a - a +3 dagger of flaming
 b - a +0 hunting sling
 z - the +9 flail of Wounding (weapon) {venom, Fragile rPois MR+}
   (You took it off a crimson imp on level 10 of the Dungeon)

   It poisons the flesh of those it strikes.
   It protects you from poison.
   It affects your resistance to hostile enchantments.
   It will be destroyed if unequipped.
 G - a +0 blowgun
Missiles
 s - 361 stones (quivered)
 y - 25 sling bullets
Armour
 c - a +0 shield
 l - a +0 troll leather armour (worn)
 n - a +0 buckler (worn)
 B - a +1 cloak (worn)
 E - a +1 leather armour of fire resistance
 F - a +2 pair of gloves (worn)
Magical Staves
 x - an uncursed staff of death {unknown}
Jewellery
 p - an uncursed ring of resist corrosion
 r - a +6 ring of intelligence (right hand)
 t - a +5 ring of intelligence (left hand)
 v - an uncursed amulet of harm
Wands
 w - a wand of flame (6)
 K - a wand of digging (5)
Scrolls
 e - 7 scrolls of remove curse
 g - a scroll of fog {unknown}
 i - a scroll of identify
 k - a scroll of torment {unknown}
 o - 2 scrolls of teleportation
 q - 2 scrolls of amnesia
 C - a scroll of enchant weapon
Potions
 d - 2 potions of heal wounds {unknown}
 h - 5 potions of flight
 j - a potion of mutation
 m - 3 potions of agility
 u - 3 potions of brilliance
 A - a potion of cancellation
 H - a potion of might
 I - 3 potions of resistance
 L - a potion of ambrosia
Comestibles
 f - 21 rations


   Skills:
 * Level 8.3 Fighting
 - Level 3.6 Short Blades
 * Level 6.1(6.2) Maces & Flails
 - Level 1.0(3.9) Staves
 - Level 5.2 Slings
 + Level 3.6 Dodging
 - Level 4.0 Shields
 * Level 9.1 Spellcasting
 + Level 5.9 Conjurations
 - Level 1.6 Charms
 - Level 1.6 Summonings
   Level 1.7 Transmutations


You had 4 spell levels left.
You knew the following spells:

 Your Spells              Type           Power        Failure   Level  Hunger
a - Spectral Weapon       Hex/Chrm       ###.....     10%         3    None
b - Call Imp              Summ           ###.....     3%          2    None
c - Blink                 Tloc           N/A          7%          2    None
d - Conjure Flame         Conj/Fire      ####....     4%          3    None
e - Mephitic Cloud        Conj/Pois/Air  ###.....     6%          3    None
f - Regeneration          Chrm/Necr      ###.......   10%         3    None
g - Shroud of Golubria    Chrm/Tloc      ###.......   4%          2    None
h - Slow                  Hex            ##......     7%          2    None
i - Fulminant Prism       Conj/Hex       ####......   14%         4    None

Your spell library contained the following spells:

 Spells                   Type           Power        Failure   Level  Hunger
 Magic Dart               Conj           ####         1%          1    None
 Searing Ray              Conj           #####.       1%          2    None
 Infusion                 Chrm           ###.         2%          1    None
 Song of Slaying          Chrm           ###.....     3%          2    None
 Dazzling Spray           Conj/Hex       ####..       4%          3    None
 Iskenderun's Mystic Bla  Conj           #####...     4%          4    None
 Force Lance              Conj/Tloc      ####....     14%         4    None


Dungeon Overview and Level Annotations

Branches:
Dungeon (11/15)            Temple (0/1) D:6            Lair (4/6) D:10
 Shoals (0/4) Lair:4       Spider (0/4) Lair:2        Slime (0/5) Lair:6
    Orc (0/2) D:11

Shops:
D:5 :   D:8 (   D:11 %

Annotations:
D:4 1 runed door, exclusion: door, smazza's ghost, amateur TeAE
D:5 exclusions: sky beast and 4 more exclusions
D:6 exclusion: sky beast
D:8 Gastronok
Lair:2 exclusion: 2 oklob plants


Innate Abilities, Weirdness & Mutations

You have an increased reservoir of magic. (+10% MP)


Message History

The blink frog is engulfed in noxious fumes.
The blink frog appears confused.
You block the black mamba's attack.
The blink frog enters a dispersal trap!
The komodo dragon blinks!
The blink frog blinks!
The black mamba blinks!
The lindwurm blinks!
The blink frog blinks!
The black mamba blinks!
You blink.
The blink frog blinks!
The komodo dragon is engulfed in noxious fumes.
The komodo dragon appears confused.
The komodo dragon bites the blink frog!!
The lindwurm bites you.
* * * LOW HITPOINT WARNING * * *
The lindwurm barely misses you. x2
The blink frog is engulfed in noxious fumes.
The blink frog hits the komodo dragon!
It was a potion of magic.
Magic courses through your body.
The blink frog is engulfed in noxious fumes.
The blink frog barely misses the komodo dragon.
The komodo dragon is engulfed in noxious fumes.
The komodo dragon appears confused.
The lindwurm bites you!
You die...

,,,,,***####* ###.....#.....,**,,
,*,,**,,#..P###......#.(....**,,,
,,,,,,,,,............#....P.,,,,,
*,,,,,,,,,###.§.........§..P,,,,,
**,,,,*****#......l.....#.,,,,,,,
,*,,,,* ###..l..#.l...#....,,,,*
,**,,,*#*#...§.FS##..#.#,,,.,,,,*
,,*,,.P#.#..P☼○..######..,,,,,,*,
,,,,,.......§lFk@.## *,....,,,,**
**,,,..###..☼☼.....# *,,...P,,,,*
**,,,,,*#PPP......##***,,...,,,*,
**,,,..<..P.P...###,,***,...,,,,*
,,,*,!....##...##*,,,,**,,,,,,,,,
,,,,,.#.P#*##...*,,,,,,**,,*,,,,*
*,,,,#.##* ##...,,,,,,,,,,**,***
**,,*##* #.?.#,,,,,,,,,**** *
**** *####*,*,,*,*,,*


You could see a lindwurm, 2 komodo dragons, a black mamba and 2 blink frogs.

Vanquished Creatures
  A two-headed ogre (D:9)
  A black mamba (Lair:3)
  A centaur skeleton (D:10)
  6 spiny frogs
  5 komodo dragons
  A troll (D:10)
  3 hippogriffs
  3 wyverns
  2 redbacks (Lair:2)
  4 hogs (D:10)
  A human (D:10)
  10 yaks
  A fire bat (D:10)
  A wraith (D:10)
  A basilisk (Lair:3)
  An acid dragon (D:10)
  6 water moccasins
  4 porcupines
  An orc warrior (D:7)
  A sky beast (D:9)
  An eye of draining (D:9)
  A tengu (D:10)
  A black bear (Lair:1)
  3 ogres (D:9)
  6 wolves (Lair:1)
  5 centaurs
  5 crocodiles
  A big kobold (D:10)
  7 bullfrogs
  2 scorpions
  4 killer bees
  4 wights
  A howler monkey (D:10)
  3 electric eels
  A quasit (D:6)
  2 crimson imps
  A bullfrog skeleton (D:10)
  8 hounds
  2 orc wizards
  6 worker ants
  12 mummies (Ossuary)
  A worker ant zombie (D:9)
  5 adders
  2 gnolls (D:9)
  2 shadow imps
  An ooze (D:5)
  3 worms
  3 dart slugs
  4 leopard geckos
  10 orcs
  A ball python (D:2)
  3 giant cockroaches
  8 goblins
  2 hobgoblins
  5 jackals
  13 kobolds
  2 quokkas
  4 bats
  A frilled lizard (D:3)
  2 gnoll skeletons (Ossuary)
  2 goblin skeletons (Ossuary)
  A jackal skeleton (D:4)
  3 orc skeletons (Ossuary)
  A quokka skeleton (D:4)
  6 rats
  8 rat skeletons (Ossuary)
  A fungus (Lair:1)
224 creatures vanquished.

Vanquished Creatures (collateral kills)
  A troll (D:9)
  A hippogriff (D:8)
  An orc warrior (D:7)
  2 sky beasts (D:7)
  A phantom (D:7)
  An ice beast (D:8)
  2 ogres
  A centaur (D:8)
  A big kobold (D:7)
  A scorpion (D:8)
  2 killer bees (D:9)
  A water moccasin skeleton (D:5)
  2 crimson imps
  3 hounds
  2 orc priests
  2 orc wizards
  An iguana (D:7)
  3 worker ants
  2 mummies (Ossuary)
  A gnoll (D:9)
  8 adders
  2 worms
  A dart slug (D:3)
  12 orcs
  9 goblins
  A hobgoblin (D:4)
  9 jackals
  2 quokkas
  A frilled lizard (D:2)
  4 kobolds (D:7)
  A kobold skeleton (Ossuary)
  A rat (D:3)
  3 rat skeletons (Ossuary)
85 creatures vanquished.

Vanquished Creatures (others)
  A killer bee (D:8)
  3 fulminant prisms (Lair:4)
  6 fungi
  12 plants
  5 spectral weapons
27 creatures vanquished.

Grand Total: 336 creatures vanquished

Notes
Turn   | Place    | Note
-------+----------+-------------------------------------------
     0 | D:1      | DrEnzyme the Demigod Wanderer began the quest for the Orb.
     0 | D:1      | DrEnzyme set off with the following items: a +0
                  | quarterstaff, a +0 shield, a +0 robe, a ration; and the
                  | following spell memorised: Magic Dart; and the following
                  | spells available to memorise: Blink, Call Imp, Slow,
                  | Conjure Flame, Mephitic Cloud
     0 | D:1      | Reached XP level 1. HP: 18/18 MP: 4/4
   563 | D:1      | Reached XP level 2. HP: 26/26 MP: 5/5
   928 | D:1      | Learned a level 2 spell: Call Imp
  1146 | D:2      | Reached XP level 3. HP: 28/31 MP: 0/7
  1691 | D:2      | Reached skill level 1 in Slings
  1937 | D:2      | Found an ornate altar of the Wu Jian Council.
  2139 | D:3      | Reached XP level 4. HP: 40/40 MP: 1/8
  2294 | D:3      | Found a white marble altar of Elyvilon.
  2633 | D:3      | Reached skill level 1 in Summonings
  2966 | D:4      | Found a runed door.
  2996 | D:4      | Noticed smazza's ghost (amateur TeAE)
  3084 | D:4      | Reached XP level 5. HP: 39/46 MP: 2/10
  4159 | D:4      | Found a deep blue altar of Sif Muna.
  4372 | D:4      | Learned a level 2 spell: Blink
  4392 | D:5      | Entered Level 5 of the Dungeon
  4431 | D:5      | Reached skill level 2 in Spellcasting
  4480 | D:5      | Found a stormy altar of Qazlal.
  4487 | D:5      | Found a blossoming altar of Fedhas.
  4492 | D:5      | Found Wompol's Book Boutique.
  4722 | D:5      | Noticed a sky beast
  4821 | D:5      | Found a basalt altar of Yredelemnul.
  4875 | D:5      | Noticed an ogre
  4918 | D:5      | Killed an ogre
  5276 | D:5      | Reached XP level 6. HP: 37/52 MP: 4/12
  5656 | D:5      | Found a white marble altar of Elyvilon.
  5999 | D:6      | Found a hazy altar of Hepliaklqana.
  6000 | D:6      | Found a shimmering altar of Xom.
  6000 | D:6      | Noticed a titan simulacrum
  6001 | D:6      | Noticed a titan simulacrum
  6001 | D:6      | Noticed a spectral ugly thing
  6270 | D:6      | Found a staircase to the Ecumenical Temple.
  6501 | D:6      | Found a shadowy altar of Dithmenos.
  6795 | D:7      | Found an iron altar of Okawaru.
  6806 | D:7      | Reached skill level 3 in Spellcasting
  7519 | D:7      | Reached XP level 7. HP: 51/60 MP: 8/15
  7826 | D:7      | Reached skill level 1 in Short Blades
  7941 | D:7      | Reached skill level 4 in Spellcasting
  8033 | D:7      | Learned a level 3 spell: Conjure Flame
  8037 | D:7      | Learned a level 3 spell: Mephitic Cloud
  8041 | D:7      | Learned a level 3 spell: Regeneration
  8597 | D:8      | Found a sand-covered staircase.
  8700 | Ossuary  | Entered an ossuary
  9154 | Ossuary  | Reached skill level 5 in Fighting
  9641 | D:8      | Noticed a hippogriff
  9673 | D:8      | Reached XP level 8. HP: 44/68 MP: 7/18
  9675 | D:8      | Noticed Gastronok
  9678 | D:8      | Killed a hippogriff
  9678 | D:8      | Reached skill level 1 in Charms
 10793 | D:8      | Reached skill level 5 in Spellcasting
 10835 | D:8      | Reached skill level 1 in Conjurations
 11158 | D:8      | Found Akaru's Weapon Boutique.
 11199 | D:8      | Noticed a hippogriff
 11221 | D:8      | Killed a hippogriff
 11827 | D:9      | Noticed a two-headed ogre
 12289 | D:9      | Killed a two-headed ogre
 12289 | D:9      | Reached skill level 6 in Spellcasting
 12289 | D:9      | Reached XP level 9. HP: 75/75 MP: 9/22
 13301 | D:10     | Entered Level 10 of the Dungeon
 13475 | D:10     | Noticed a gargoyle
 13531 | D:10     | Noticed Erolcha
 13532 | D:10     | Noticed Erolcha
 13532 | D:10     | Erolcha changed into Erolcha the fire bat
 14158 | D:10     | Killed Erolcha the fire bat
 14301 | D:10     | Reached skill level 7 in Spellcasting
 14426 | D:10     | Upgraded the game from 0.23-a0-733-ge7febcc to
                  | 0.23-a0-741-g38971ea
 14497 | D:9      | Learned a level 3 spell: Spectral Weapon
 14750 | D:10     | Identified the +9 flail of Wounding {venom, Fragile rPois
                  | MR+}
 14993 | D:10     | Reached skill level 5 in Slings
 14993 | D:10     | Reached XP level 10. HP: 79/84 MP: 19/24
 15232 | D:10     | Learned a level 2 spell: Shroud of Golubria
 15431 | D:10     | Reached skill level 1 in Maces & Flails
 15531 | D:10     | Found a staircase to the Lair.
 15601 | Lair:1   | Entered Level 1 of the Lair of Beasts
 15606 | Lair:1   | Noticed a four-headed hydra
 15615 | Lair:1   | Reached skill level 5 in Conjurations
 16310 | Lair:2   | Learned a level 2 spell: Slow
 16531 | Lair:1   | Reached XP level 11. HP: 78/93 MP: 22/27
 16584 | Lair:1   | Learned a level 4 spell: Fulminant Prism
 16864 | Lair:2   | Reached skill level 8 in Spellcasting
 16960 | Lair:2   | Reached skill level 5 in Maces & Flails
 17038 | Lair:2   | Found a hole to the Spider Nest.
 17115 | Lair:2   | Noticed an eight-headed hydra
 17413 | D:11     | Found Ganoemn's Food Boutique.
 19220 | Lair:4   | Noticed an eight-headed hydra
 19256 | Lair:4   | Noticed a six-headed hydra
 19498 | Lair:4   | Reached skill level 9 in Spellcasting
 19662 | Lair:4   | Found a staircase to the Shoals.
 19849 | Lair:4   | You fall through a shaft for 2 floors!
 19849 | Lair:6   | Entered Level 6 of the Lair of Beasts
 19859 | Lair:6   | Noticed a lindwurm
 19871 | Lair:6   | Mangled by a lindwurm

Vault maps used:
D:1:      lightli_arrival_statue_moat, minmay_pentomino_x2
D:2:      lemuel_coloured_pillars_altar
D:3:      first_ration, grunt_ministairs_8, elyvilon_altar_5
D:4:      kennysheep_the_goblin_king, led_sif_pool,
          ebering_ghost_reflecting_pool
D:5:      grunt_temple_overflow_forces_of_nature, kennysheep_ying_yang,
          serial_shops, shop, grunt_ministairs_9, wad_floor_pattern_untrapped,
          bh_walls_and_bars
D:6:      regret_index_temple_of_mockery, grunt_dithmenos_shadows,
          minmay_temple_entry_grid
D:7:      old_standard_altar
D:8:      lightli_ossuary_entry_decrepit_ruins, serial_shops, shop,
          uniq_gastronok
D:10:     erik_lair_dragon, grunt_livestock, uniq_erolcha
D:11:     erik_orc_3, serial_shops, shop, portal_ice_cave_rime, minivault_11,
          hangedman_abyss_or_decor_passed
Lair:1:   beast_lair_carwin_8, grunt_megastairs_2
Lair:2:   statuecave_lemuel, spider_nest_entry_webs, serial_bayou_lake_a,
          serial_bayou_shore_a, minmay_lair_oklob_chamber, lemuel_fruit_tree
Lair:3:   infiniplex_staircase_pool
Lair:4:   minmay_shoals_entry_centaurs, st_stairs_4, wad_woods_road_04
Lair:6:   minmay_lair_end_frog_pond, slime_altar_1, gauntlet_entry_generic,
          minivault_19
Ossuary:  ossuary_due_small_catacomb

Skill      XL: |  1  2  3  4  5  6  7  8  9 10 11 |
---------------+----------------------------------+-----
Fighting       | 3 4 5 6 7 8 |  8.3
Shields        | 2 3 4 |  4.0
Slings         | 1 2 5 |  5.2
Summonings     | 1 |  1.6
Spellcasting   | 2 3 4 6 7 9 |  9.1
Short Blades   | 2 3 |  3.6
Dodging        | 2 3 |  3.6
Charms         | 1 |  1.6
Conjurations   | 2 4 5 |  5.9
Maces & Flails | 4 6 |  6.1
Staves         | |  1.0
Transmutations | |  1.7

Action                   |  1- 3 |  4- 6 |  7- 9 | 10-12 || total
-------------------------+-------+-------+-------+-------++-------
Melee: Quarterstaff      |    14 |       |       |       ||    14
       Dagger            |       |   101 |   359 |       ||   460
       Flail             |       |       |    10 |   202 ||   212
 Fire: Hunting sling     |    72 |    55 |   188 |       ||   315
Throw: Stone             |       |     4 |     5 |     2 ||    11
 Cast: Call Imp          |    27 |   118 |   142 |       ||   287
       Mephitic Cloud    |       |       |    34 |    56 ||    90
       Blink             |       |       |    13 |     6 ||    19
       Conjure Flame     |       |       |    23 |     4 ||    27
       Spectral Weapon   |       |       |     1 |    13 ||    14
       Regeneration      |       |       |     1 |       ||     1
       Slow              |       |       |       |    31 ||    31
       Shroud of Golubri |       |       |       |     5 ||     5
       Fulminant Prism   |       |       |       |     3 ||     3
Evoke: Wand              |       |       |     3 |     5 ||     8
  Use: Scroll            |     2 |     6 |    13 |    11 ||    32
       Potion            |       |       |     3 |     7 ||    10
 Stab: Sleeping          |     1 |       |     2 |       ||     3
       Distracted        |       |       |     3 |       ||     3
       Confused          |       |       |     3 |    14 ||    17
  Eat: Chunk             |     5 |    13 |    18 |    11 ||    47
       Ration            |       |     3 |     2 |     1 ||     6
Armor: Robe              |     7 |     4 |       |       ||    11
       Leather armour    |       |    20 |    60 |       ||    80
       Troll leather arm |       |       |    10 |    37 ||    47
Dodge: Dodged            |    28 |    88 |   167 |   129 ||   412
Block: Buckler           |       |     7 |    81 |    42 ||   130

Table legend:
 A = Non-vault XP
 B = Vault XP
 C = Vault XP percentage of total XP
 D = Non-vault monster count
 E = Vault monster count
 F = Vault count percentage of total count
                 A         B        C        D         E       F
            +---------+---------+-------+---------+---------+-------
      Total |   13616 |    5819 |  29.9 |     229 |      80 |  25.9
            +---------+---------+-------+---------+---------+-------
        D:1 |      24 |       1 |   4.0 |      14 |       1 |   6.7
        D:2 |      82 |       0 |   0.0 |      26 |       0 |   0.0
        D:3 |      70 |       7 |   9.1 |      24 |       2 |   7.7
        D:4 |     104 |       8 |   7.1 |      12 |       7 |  36.8
        D:5 |     182 |       0 |   0.0 |      10 |       0 |   0.0
        D:6 |     207 |       9 |   4.2 |      12 |       1 |   7.7
        D:7 |     616 |       0 |   0.0 |      20 |       0 |   0.0
        D:8 |    1014 |       0 |   0.0 |      20 |       0 |   0.0
        D:9 |    2453 |       0 |   0.0 |      31 |       0 |   0.0
       D:10 |    2229 |    1705 |  43.3 |      24 |      12 |  33.3
       D:11 |     307 |       2 |   0.6 |       5 |       1 |  16.7
     Lair:1 |    1915 |    2883 |  60.1 |      10 |      16 |  61.5
     Lair:2 |    1374 |     436 |  24.1 |       8 |       2 |  20.0
     Lair:3 |    1807 |     105 |   5.5 |       8 |       1 |  11.1
     Lair:4 |    1232 |     431 |  25.9 |       5 |       4 |  44.4
    Ossuary |       0 |     232 | 100.0 |       0 |      33 | 100.0
            +---------+---------+-------+---------+---------+-------
